 Dungeon Crawl Stone Soup version 0.30-a0-845-g7c6808c8ce (webtiles) character file.

Game seed: 13424760806440323744

75 Dittersdorf the Shield-Bearer (level 4, -7/29 HPs)
             Began as a Gargoyle Fighter on Mar 2, 2023.
             Killed by divine providence
             ... invoked by an orc priest
              (12 damage)
             ... on level 3 of the Dungeon.
             The game lasted 00:02:20 (1722 turns).

Dittersdorf the Shield-Bearer (Gargoyle Fighter)    Turns: 1722, Time: 00:02:21

Health: -7/29      AC: 11    Str: 22    XL:     4   Next: 31%
Magic:  4/4        EV:  9    Int:  8    God:
Gold:   68         SH:  0    Dex:  9    Spells: 3/3 levels left

rFire   . . .      SeeInvis .    a - +0 flail
rCold   . . .      Faith    .    c - +0 buckler
rNeg    + . .      Spirit   .    b - +0 scale mail
rPois   ∞          Reflect  .    (no helmet)
rElec   +          Rampage  .    l - scarf {repulsion}
rCorr   .                        n - +0 pair of gloves
Will    .....                    (no boots) Stlth
                                 (no amulet)
HPRegen 0.24/turn                (no ring)
MPRegen 0.09/turn                (no ring)

@: confused, repel missiles
A: sickness immunity, AC +3, negative energy resistance 1, electricity
resistance, torment resistance 1, petrification resistance
a: no special abilities


You were on level 3 of the Dungeon.
You visited 1 branch of the dungeon, and saw 3 of its levels.

You collected 68 gold pieces.

Inventory:

Hand Weapons
 a - a +0 flail (weapon)
Armour
 b - a +0 scale mail (worn)
 c - a +0 buckler (worn)
 l - a scarf of repulsion (worn)
 n - a +0 pair of gloves (worn)
Scrolls
 f - 2 scrolls of identify {unknown}
 g - a scroll of enchant armour {unknown}
 h - 2 scrolls of teleportation {unknown}
 j - a scroll of vulnerability {unknown}
 k - a scroll of immolation {unknown}
Potions
 d - a potion of might
 e - a potion of brilliance {unknown}
 i - 2 potions of degeneration {unknown}
 m - a potion of flight {unknown}


   Skills:
 + Level 3.9 Fighting
 + Level 2.7 Maces & Flails
 + Level 4.0 Armour
 + Level 4.0 Shields


You had 3 spell levels left.
You didn't know any spells.
Your spell library contained the following spells:

 Spells                   Type           Power      Damage    Failure   Level
 Ignite Poison            Fire/Tmut/Pois 0%         N/A       99%         3
 Sticky Flame             Conj/Fire      0%         2d3       100%        4
 Ignition                 Fire           0%         3d3       100%        8


Dungeon Overview and Level Annotations

Branches:
Dungeon (3/15)

Altars:
Ashenzari
Elyvilon

Shops:
D:1 (


Innate Abilities, Weirdness & Mutations

You are immune to sickness and miasma.
Your stone body is resilient. (AC +3)
You are immune to poison.
You resist negative energy. (rN+)
You are resistant to electric shocks. (rElec)
You are resistant to unholy torment.
You are immune to petrification.


Message History

You are more confused.
The orc wizard hits you with a +0 dagger.
The orc hits you but does no damage. The orc barely misses you.
The orc wizard hits you but does no damage.
You miss the orc wizard.
The orc wizard is heavily wounded.
The orc wizard hits you but does no damage.
The orc wizard closely misses you. The orc closely misses you.
You bump into the rock wall.
The orc wizard hits you but does no damage.
The orc priest hits you with a +2 heavy flail.
The orc wizard hits you but does no damage.
The orc hits you with a +0 dagger.
You sock the orc priest!
The orc priest is heavily wounded.
The orc wizard hits you with a +0 dagger.
The orc wizard hits you but does no damage.
The orc hits you but does no damage.
The orc priest hits you with a +2 heavy flail!
* * * LOW HITPOINT WARNING * * *
You hit the orc priest.
The orc priest is almost dead.
The orc wizard barely misses you.
The orc wizard hits you with a +0 dagger.
* * * LOW HITPOINT WARNING * * *
The orc hits you but does no damage.
The orc wizard hits you but does no damage.
The orc closely misses you.
The orc priest hits you but does no damage.
The orc wizard casts a spell at you.
The puff of flame is repelled.
You barely miss the orc priest.
The orc priest is almost dead.
The orc wizard hits you but does no damage.
The orc wizard gestures at you while chanting.
You are more confused.
The orc hits you but does no damage.
The orc priest invokes the aid of Beogh against you.
Beogh smites you!
You die...

⌠. # ######## ⌠.8#
#.......
.#.##########.######
..#..........# #..
#.#.####.###.# #..
##.#.###.#.##.# #..
#.oo.##.#.....# ###
#@.......####
#...oo..###.##
#.#####.# ### #...
#...# #.##.# #.# .#
..# #


You could see an orc priest, 2 orc wizards and an orc.

Vanquished Creatures
  An adder (D:2)
  2 dart slugs (D:1)
  6 ball pythons
  8 bats
  5 endoplasms
  A giant cockroach (D:1)
  5 goblins
  4 hobgoblins
  9 jackals (D:1)
  A quokka (D:2)
  4 frilled lizards
  5 kobolds
  3 rats
54 creatures vanquished.

Notes
Turn   | Place    | Note
-------+----------+-------------------------------------------
     0 | D:1      | Dittersdorf the Gargoyle Fighter began the quest for the
                  | Orb.
     0 | D:1      | Reached XP level 1. HP: 14/14 MP: 1/1
    83 | D:1      | Reached XP level 2. HP: 19/19 MP: 2/2
   166 | D:1      | Reached XP level 3. HP: 21/23 MP: 3/3
   520 | D:1      | Found Jadgh's Antique Weapon Shoppe.
   878 | D:2      | Found a broken altar of Ashenzari.
  1144 | D:2      | Reached XP level 4. HP: 29/29 MP: 4/4
  1534 | D:3      | Found a white marble altar of Elyvilon.
  1722 | D:3      | Killed from afar by an orc priest

Illustrated notes

Levels and vault maps discovered:
D:1:      dpeg_arrival_long_road, layout_basic, serial_shops, shop
D:2:      layout_loops_corners, basic_altar, kennysheep_generic_room_12
D:3:      layout_loops_ring, yredelemnul_altar_generic, old_standard_altar,
          shapermc_ecumenical_altar_venn, serial_shops, shop,
          kennysheep_cross_room, uniq_robin

Skill      XL: |  1  2  3  4 |
---------------+-------------+-----
Armour         | 4 |  4.0
Shields        | 4 |  4.0
Fighting       | |  3.9
Maces & Flails | |  2.7

Action                     |  1- 3 |  4- 6 || total
---------------------------+-------+-------++-------
  Melee: Flail             |   115 |    51 ||   166
 Armour: Scale mail        |    59 |    34 ||    93
  Dodge: Dodged            |    61 |    24 ||    85
         Repelled          |       |     1 ||     1
  Block: Buckler           |    29 |    11 ||    40

Table legend: (Time is in decaauts)
 A = Elapsed time spent in this place.
 B = Non-inter-level travel time spent in this place.
 C = Inter-level travel time spent in this place.
 D = Time resting spent in this place.
 E = Time spent auto-exploring this place.
 F = Levels seen in this place.
 G = Mean time per level.
                   A        B        C        D        E       F      G
               +--------+--------+--------+--------+--------+-----+--------+
         Total |   1774 |   1697 |     77 |      0 |   1319 |   3 |  591.3 |
       Dungeon |   1774 |   1697 |     77 |      0 |   1319 |   3 |  591.3 |
               +--------+--------+--------+--------+--------+-----+--------+

Top non-repeatable levels by time:
     D:2: 895 daAuts
     D:1: 674 daAuts
     D:3: 205 daAuts
